 Dungeon Crawl Stone Soup version 0.28.0-45-g0d030f2227 (webtiles) character file.

Game seed: 15770929865981134516

203 MisterFreud the Covert (level 5, -19/47 HPs)
             Began as a Gnoll Delver on May 16, 2022.
             Was a Believer of Ru.
             Demolished by an ogre
             ... wielding a +0 giant club
              (22 damage)
             ... on level 4 of the Dungeon.
             The game lasted 00:06:57 (3452 turns).

MisterFreud the Covert (Gnoll Delver)               Turns: 3452, Time: 00:06:57

Health: -19/47     AC: 12    Str: 12    XL:     5   Next: 81%
Magic:  7/7        EV:  6    Int: 11    God:    Ru [**....]
Gold:   162        SH:  0    Dex: 13    Spells: 7/7 levels left

rFire   x . .      SeeInvis .   a - +1 short sword
rCold   x . .      Faith    .   (no shield)
rNeg    . . .      Spirit   .   q - +4 chain mail {Will+}
rPois   .          Reflect  .   (no helmet)
rElec   .          Harm     .   (no cloak)
rCorr   .          Rampage  .   (no gloves)
Will    +....                   (no boots)
Stlth   +.........              (no amulet)
HPRegen 0.15/turn               (no ring)
MPRegen 0.10/turn               (no ring)

@: no status effects
A: fangs 1, temperature sensitive, strong nose, distributed training
a: Renounce Religion


You were on level 4 of the Dungeon.
You worshipped Ru.
Ru was pleased with you.
You visited 1 branch of the dungeon, and saw 5 of its levels.

You collected 162 gold pieces.

Inventory:

Hand Weapons
 a - a +1 short sword (weapon)
Missiles
 i - 2 javelins (quivered)
 p - 2 poisoned darts
Armour
 b - a +0 leather armour
 q - a +4 chain mail of willpower (worn)
Wands
 g - a wand of digging (3)
Scrolls
 c - a scroll of fog
 d - a scroll of magic mapping
 e - a scroll of fear
 n - a scroll of teleportation
Potions
 f - a potion of haste
 h - a potion of might
 j - a potion of brilliance {unknown}
 k - a potion of mutation {unknown}
 o - a potion of curing {unknown}


   Skills:
 + Level 6.7 Fighting
 + Level 4.8 Short Blades
 + Level 1.6 Long Blades
 + Level 1.6 Axes
 + Level 1.6 Maces & Flails
 + Level 1.6 Polearms
 + Level 1.6 Staves
 + Level 1.6 Slings
 + Level 1.6 Bows
 + Level 1.6 Crossbows
 + Level 1.6 Throwing
 + Level 1.6 Armour
 + Level 4.8 Dodging
 + Level 9.7 Stealth
 + Level 1.6 Shields
 + Level 1.6 Unarmed Combat
 + Level 1.6 Spellcasting
 + Level 1.3 Conjurations
 + Level 1.3 Hexes
 + Level 1.3 Summonings
 + Level 1.3 Necromancy
 + Level 1.3 Translocations
 + Level 1.3 Transmutations
 + Level 1.3 Fire Magic
 + Level 1.3 Ice Magic
 + Level 1.3 Air Magic
 + Level 1.3 Earth Magic
 + Level 1.3 Poison Magic
 + Level 1.8 Invocations
 + Level 1.6 Evocations


You had 7 spell levels left.
You didn't know any spells.
Your spell library contained the following spells:

 Spells                   Type           Power      Damage    Failure   Level
 Corpse Rot               Necr/Air       6%         N/A       100%        2
 Poisonous Vapours        Pois/Air       6%         N/A       100%        2
 Dispel Undead            Necr           3%         3d7       100%        4
 Death Channel            Necr           1%         N/A       100%        6


Dungeon Overview and Level Annotations

Branches:
Dungeon (5/15)
 Temple: D:4-7

Altars:
Ru


Innate Abilities, Weirdness & Mutations

You have very sharp teeth.
You are sensitive to extremes of temperature. (rF-, rC-)
Your uncanny sense of smell can sniff out nearby items.
Your experience applies equally to all skills.


Message History

As you read the scroll labelled ULAG GIFUORI, it crumbles to dust.
You speak a Word of immense power!
It was a scroll of holy word.
Your surroundings suddenly seem different.
You see here a +0 dagger.
There is an open door here.
There is a stone staircase leading down here.
You climb downwards.
You hear the sound of rushing water.
There is an entrance to a sewer on this level.
Hurry and find it before the portal rusts away!
The walls and floor vibrate strangely for a moment.
There is a stone staircase leading up here.
Unknown command.
You see here a +0 long sword.
Found a stone staircase leading up.
Found 6 bolts.
You see here 6 bolts.
Found a stone staircase leading down.
An ogre comes into view. It is wielding a +0 giant club.
The ogre shouts!
An ogre is nearby!
Throw: 3 darts (poison)
Press: ? - help, Shift-Dir - straight line, f - ogre
Aim: an ogre, wielding a +0 giant club (75% to hit)
You throw a poisoned dart. The poisoned dart hits the ogre.
The ogre is poisoned.
You barely miss the ogre. The ogre hits you with a +0 giant club!
You completely miss the ogre.
The ogre is lightly wounded.
You hit the ogre.
The ogre is lightly wounded.
The ogre hits you with a +0 giant club!
You are too injured to fight recklessly!
You are too injured to fight recklessly!
You hit the ogre.
The ogre is moderately wounded.
The ogre hits you with a +0 giant club!!
* * * LOW HITPOINT WARNING * * *
The ogre looks more healthy.
The ogre hits you with a +0 giant club!!
You die...

###### ## #..(.# .#
#.##.#
(###############O##.#
................@..>#
.###############.####
.# #.# .# #.# .# #.#
.# #.# .# #.# .# #.#


You could see an ogre.

Vanquished Creatures
  Jessica (D:2)
  Terence (D:2)
  2 adders
  4 gnolls (D:2)
  4 worms
  2 dart slugs
  4 orcs
  7 bats
  9 endoplasms
  3 giant cockroaches
  6 goblins
  8 hobgoblins
  A jackal (D:2)
  4 ball pythons
  2 frilled lizards (D:2)
  10 kobolds
  9 rats
77 creatures vanquished.

Vanquished Creatures (others)
  11 plants (D:1)
11 creatures vanquished.

Grand Total: 88 creatures vanquished

Notes
Turn   | Place    | Note
-------+----------+-------------------------------------------
     0 | D:5      | Reached skill level 9 in Stealth
     0 | D:5      | MisterFreud the Gnoll Delver began the quest for the Orb.
     0 | D:5      | Reached XP level 1. HP: 23/23 MP: 1/1
    76 | D:3      | Reached XP level 2. HP: 17/29 MP: 2/2
   367 | D:2      | Reached XP level 3. HP: 35/35 MP: 3/3
   637 | D:2      | Noticed Terence
   743 | D:1      | Reached skill level 1 in Invocations
   855 | D:1      | Found a faded altar of an unknown god.
  1121 | D:1      | Reached skill level 1 in Long Blades
  1121 | D:1      | Reached skill level 1 in Axes
  1121 | D:1      | Reached skill level 1 in Maces & Flails
  1121 | D:1      | Reached skill level 1 in Polearms
  1121 | D:1      | Reached skill level 1 in Staves
  1121 | D:1      | Reached skill level 1 in Slings
  1121 | D:1      | Reached skill level 1 in Bows
  1121 | D:1      | Reached skill level 1 in Crossbows
  1121 | D:1      | Reached skill level 1 in Throwing
  1121 | D:1      | Reached skill level 1 in Armour
  1121 | D:1      | Reached skill level 1 in Shields
  1121 | D:1      | Reached skill level 1 in Unarmed Combat
  1121 | D:1      | Reached skill level 1 in Spellcasting
  1121 | D:1      | Reached skill level 1 in Evocations
  1429 | D:1      | Reached XP level 4. HP: 41/41 MP: 5/5
  1742 | D:1      | Prayed at the altar of an unknown god.
  1742 | D:1      | Became a worshipper of Ru the Awakened
  1755 | D:1      | Gained mutation: You are sensitive to extremes of
                  | temperature. (rF-, rC-) [Ru sacrifice]
  1755 | D:1      | Reached * piety under Ru
  1755 | D:1      | Reached ** piety under Ru
  1871 | D:2      | Noticed Jessica
  1874 | D:2      | Killed Jessica
  1875 | D:2      | Reached skill level 1 in Conjurations
  1875 | D:2      | Reached skill level 1 in Hexes
  1875 | D:2      | Reached skill level 1 in Summonings
  1875 | D:2      | Reached skill level 1 in Necromancy
  1875 | D:2      | Reached skill level 1 in Translocations
  1875 | D:2      | Reached skill level 1 in Transmutations
  1875 | D:2      | Reached skill level 1 in Fire Magic
  1875 | D:2      | Reached skill level 1 in Ice Magic
  1875 | D:2      | Reached skill level 1 in Air Magic
  1875 | D:2      | Reached skill level 1 in Earth Magic
  1875 | D:2      | Reached skill level 1 in Poison Magic
  1918 | D:2      | Killed Terence
  1919 | D:2      | Reached XP level 5. HP: 20/47 MP: 6/6
  3444 | D:4      | Noticed an ogre
  3449 | D:4      | HP: 2/47 [ogre/+0 giant club (20)]
  3452 | D:4      | Demolished by an ogre

Illustrated notes

Levels and vault maps discovered:
D:1:      amcnicky_arrival_flooded_fountain, layout_basic,
          chequers_ecumenical_altar_simple_redux, lexackson_kobold_supper
D:2:      layout_rooms, minmay_pentomino_p2, uniq_jessica, uniq_terence
D:3:      layout_basic, minmay_misc_feat_tiny
D:4:      layout_basic, portal_sewer_entry_f
D:5:      layout_loops_corners, ebering_ghost_disaster_area,
          lightli_corner_chamber

Skill      XL: |  1  2  3  4 |
---------------+-------------+-----
Stealth        | |  9.7
Invocations    | 1 |  1.8
Long Blades    | 1 |  1.6
Axes           | 1 |  1.6
Maces & Flails | 1 |  1.6
Polearms       | 1 |  1.6
Staves         | 1 |  1.6
Slings         | 1 |  1.6
Bows           | 1 |  1.6
Crossbows      | 1 |  1.6
Throwing       | 1 |  1.6
Armour         | 1 |  1.6
Shields        | 1 |  1.6
Unarmed Combat | 1 |  1.6
Spellcasting   | 1 |  1.6
Evocations     | 1 |  1.6
Conjurations   | 1 |  1.3
Hexes          | 1 |  1.3
Summonings     | 1 |  1.3
Necromancy     | 1 |  1.3
Translocations | 1 |  1.3
Transmutations | 1 |  1.3
Fire Magic     | 1 |  1.3
Ice Magic      | 1 |  1.3
Air Magic      | 1 |  1.3
Earth Magic    | 1 |  1.3
Poison Magic   | 1 |  1.3
Fighting       | |  6.7
Short Blades   | |  4.8
Dodging        | |  4.8

Action                   |  1- 3 |  4- 6 || total
-------------------------+-------+-------++-------
Melee: Short sword       |   124 |   134 ||   258
       Bite              |    11 |    20 ||    31
       Punch             |     2 |     4 ||     6
Throw: Javelin           |       |     2 ||     2
       Dart              |       |     1 ||     1
Invok: Sacrifice Resista |       |     1 ||     1
  Use: Scroll            |       |     4 ||     4
 Stab: Sleeping          |    14 |     2 ||    16
       Distracted        |       |     2 ||     2
       Invisible         |       |     1 ||     1
Armor: Leather armour    |    25 |     2 ||    27
       Chain mail        |       |    41 ||    41
Dodge: Dodged            |    80 |    50 ||   130
